 Dungeon Crawl Stone Soup version 0.22-a0-580-gd5db89c (webtiles) character file.

108815 theanonym the Warrior (level 16, -12/136 HPs)
             Began as a Mummy Warper on July 3, 2018.
             Was the Champion of Nemelex Xobeh.
             Splashed by an orc knight's acid (14 damage)
             ... on level 15 of the Dungeon.
             The game lasted 01:23:04 (43235 turns).

theanonym the Warrior (Mummy Warper)               Turns: 43235, Time: 01:23:04

Health: -12/136    AC:  9    Str: 24    XL:     16   Next: 3%
Magic:  22/22      EV:  5    Int: 13    God:    Nemelex Xobeh [******]
Gold:   1935       SH: 16    Dex: 12    Spells: 11/20 levels left

rFire    + . .     SeeInvis .   a - +1 broad axe (vamp)
rCold    + . .     Gourm    .   e - +2 shield {rF+}
rNeg     + + +     Faith    .   S - +2 plate armour {MR+}
rPois    ∞         Spirit   .   x - +0 helmet
rElec    .         Reflect  +   A - +2 cloak
rCorr    .         Harm     .   K - +2 pair of gloves
MR       +++..                  O - +1 pair of boots
Stlth    ..........             k - +4 amulet of reflection
HPRegen  0.32/turn              J - +4 ring of strength
MPRegen  0.18/turn              Q - ring of protection from fire

@: corroded
A: no food or potions, fire vulnerability, cold resistance 1, negative energy
resistance 3, torment resistance, unbreathing, in touch with death 1
a: Triple Draw, Deal Four, Stack Five, Renounce Religion


Innate Abilities, Weirdness & Mutations

You do not eat or drink.
Your flesh is vulnerable to fire.
You are immune to poison.
Your flesh is cold resistant. (rC+)
You are immune to negative energy. (rN+++)
You are immune to unholy pain and torment.
You can survive without breathing.
You are in touch with the powers of death.


   Skills:
 + Level 15.5 Fighting
 * Level 11.2(13.9) Axes
 - Level 13.6(15.0) Maces & Flails
 - Level 0.7 Throwing
 + Level 6.9 Armour
 - Level 1.5 Dodging
 - Level 4.0 Shields
 - Level 2.6 Spellcasting
 - Level 2.4 Translocations
 - Level 8.0 Invocations


You had 11 spell levels left.
You knew the following spells:

 Your Spells              Type           Power        Failure   Level  Hunger
a - Spectral Weapon       Hex/Chrm       #.......     100%        3    N/A
e - Lesser Beckoning      Tloc           #.........   100%        3    N/A
l - Blink                 Tloc           N/A          100%        2    N/A
q - Apportation           Tloc           #.....       99%         1    N/A

Your spell library contained the following spells:

 Spells                   Type           Power        Failure   Level  Hunger
 Fireball                 Conj/Fire      #.........   100%        5    N/A
 Conjure Flame            Conj/Fire      #.......     100%        3    N/A
 Bolt of Cold             Conj/Ice       #.........   100%        6    N/A
 Throw Flame              Conj/Fire      #.....       100%        2    N/A
 Freezing Cloud           Conj/Ice/Air   #.........   100%        6    N/A
 Mephitic Cloud           Conj/Pois/Air  #.......     100%        3    N/A
 Ring of Flames           Chrm/Fire      #.........   100%        7    N/A
 Teleport Other           Tloc           #.......     100%        3    N/A
 Summon Small Mammal      Summ           #...         100%        1    N/A
 Animate Skeleton         Necr           N/A          100%        1    N/A
 Ozocubu's Refrigeration  Ice            #.........   100%        6    N/A
 Sticky Flame             Conj/Fire      #.......     100%        4    N/A
 Regeneration             Chrm/Necr      #.........   100%        3    N/A
 Corpse Rot               Necr           N/A          100%        2    N/A
 Stone Arrow              Conj/Erth      #.....       100%        3    N/A
 Ice Form                 Ice/Tmut       #.......     100%        4    N/A
 Confusing Touch          Hex            #.....       100%        1    N/A
 Flame Tongue             Conj/Fire      #....        100%        1    N/A
 Passwall                 Tmut/Erth      #.......     100%        2    N/A
 Metabolic Englaciation   Hex/Ice        #.........   100%        5    N/A
 Lee's Rapid Deconstruct  Erth           #.........   100%        5    N/A
 Sandblast                Erth           #.....       100%        1    N/A
 Simulacrum               Ice/Necr       #.........   100%        6    N/A
 Petrify                  Tmut/Erth      #.......     100%        4    N/A
 Passage of Golubria      Tloc           N/A          100%        4    N/A
 Leda's Liquefaction      Hex/Erth       #.........   100%        4    N/A
 Summon Hydra             Summ           #.........   100%        7    N/A
 Shroud of Golubria       Chrm/Tloc      #.........   100%        2    N/A
 Inner Flame              Hex/Fire       #.......     100%        3    N/A
 Infusion                 Chrm           #...         100%        1    N/A
 Song of Slaying          Chrm           #.......     100%        2    N/A
 Summon Forest            Summ/Tloc      #.........   100%        5    N/A
 Hydra Form               Tmut           #.........   100%        6    N/A
 Gell's Gravitas          Tloc           #.........   100%        3    N/A
 Poisonous Vapours        Pois/Air       #.....       100%        2    N/A

Skill      XL: |  1  2  3  4  5  6  7  8  9 10 11 12 13 14 15 |
---------------+----------------------------------------------+-----
Maces & Flails | 2 3 4 5 7 8 10 11 13 | 13.6
Fighting       | 3 4 6 8 9 10 12 13 14 15 | 15.5
Shields        | 3 4 |  4.0
Axes           | 3 6 9 11 | 11.2
Armour         | 3 4 6 |  6.9
Invocations    | 5 7 8 |  8.0
Throwing       | |  0.7
Dodging        | |  1.5
Spellcasting   | |  2.6
Translocations | |  2.4

Action                   |  1- 3 |  4- 6 |  7- 9 | 10-12 | 13-15 | 16-18 || total
-------------------------+-------+-------+-------+-------+-------+-------++-------
Melee: Mace              |   126 |   365 |       |       |       |       ||   491
       Flail             |       |     4 |   546 |  1268 |  1444 |     8 ||  3270
       Broad axe         |       |       |       |       |  1126 |    72 ||  1198
Invok: Triple Draw       |       |       |       |       |     2 |       ||     2
       Deal Four         |       |       |       |       |     1 |       ||     1
Evoke: Deck              |       |     7 |    16 |    58 |    44 |     1 ||   126
       Wand              |       |       |       |    11 |       |       ||    11
  Use: Scroll            |       |     4 |     6 |    10 |    13 |       ||    33
 Stab: Distracted        |       |       |     1 |     4 |     6 |       ||    11
       Paralysed         |       |       |       |    12 |       |       ||    12
       Petrified         |       |       |       |    10 |     9 |       ||    19
       Petrifying        |       |       |       |       |     1 |       ||     1
Armor: Leather armour    |    17 |       |       |       |       |       ||    17
       Ring mail         |    33 |    33 |       |       |       |       ||    66
       Scale mail        |       |   181 |       |       |       |       ||   181
       Chain mail        |       |       |   324 |    42 |       |       ||   366
       Plate armour      |       |       |       |   908 |  1688 |    29 ||  2625
Dodge: Dodged            |    76 |   253 |   164 |   286 |   597 |     8 ||  1384
Block: Buckler           |       |       |       |   261 |   620 |       ||   881
       Reflection        |       |       |       |     3 |    42 |     4 ||    49
       Shield            |       |       |       |       |   975 |    59 ||  1034

Inventory:

Hand Weapons
 a - a +1 vampiric broad axe (weapon)
   (You bought it in a shop on level 2 of the Orcish Mines)
 b - a +1 flail of protection
   (You took it off an orc on level 7 of the Dungeon)
 c - a +0 executioner's axe of freezing
   (You found it in an ice cave)
 X - a +4 broad axe
   (You took it off a death knight on level 14 of the Dungeon)
Missiles
 W - 5 tomahawks of dispersal (quivered)
Armour
 e - a +2 shield of fire resistance (worn)
   (You took it off a tengu warrior on level 13 of the Dungeon)
 x - a +0 helmet (worn)
   (You found it on level 7 of the Dungeon)
 A - a +2 cloak (worn)
   (You found it on level 8 of the Dungeon)
 K - a +2 pair of gloves (worn)
   (You found it on level 11 of the Dungeon)
 O - a +1 pair of boots (worn)
   (You found it on level 3 of the Dungeon)
 S - a +2 plate armour of magic resistance (worn)
   (You took it off an orc warrior on level 2 of the Orcish Mines)
Jewellery
 k - a +4 amulet of reflection (around neck)
   (You found it in a labyrinth)
 J - a +4 ring of strength (left hand)
   (You found it on level 3 of the Lair of Beasts)
 P - the ring "Volaydic" {Ice +Inv rN+ Str+3}
   (You acquired it on level 5 of the Lair of Beasts)

   [ring of ice]

   It enhances your ice magic.
   It affects your strength (+3).
   It makes you vulnerable to fire.
   It protects you from cold.
   It protects you from negative energy.
   It lets you turn invisible.
 Q - a ring of protection from fire (right hand)
   (You found it on level 5 of the Lair of Beasts)
Wands
 q - a wand of iceblast (19)
   (You found it in a labyrinth)
 C - a wand of scattershot (4)
   (You found it on level 8 of the Dungeon)
Scrolls
 f - 3 scrolls of fog
 j - 4 scrolls of fear
 m - 3 scrolls of enchant weapon
 n - 6 scrolls of remove curse
 o - 6 scrolls of enchant armour
 p - a scroll of torment
 r - 5 scrolls of identify
 t - 9 scrolls of teleportation {!r}
 u - 2 scrolls of immolation
 y - 4 scrolls of magic mapping
 B - 2 scrolls of blinking
 L - a scroll of brand weapon
 T - a scroll of silence
Miscellaneous
 d - an ornate deck of summoning {god gift}
   (Nemelex Xobeh gifted it to you on level 11 of the Dungeon)
 g - a phantom mirror
 h - a legendary deck of destruction {god gift}
   (Nemelex Xobeh gifted it to you on level 15 of the Dungeon)
 s - an ornate deck of summoning {drawn: 9} {god gift}
   (Nemelex Xobeh gifted it to you on level 2 of the Orcish Mines)
 w - an ornate deck of summoning {god gift}
   (Nemelex Xobeh gifted it to you on level 13 of the Dungeon)
 z - a plain deck of destruction {drawn: 1} {god gift}
   (Nemelex Xobeh gifted it to you on level 1 of the Lair of Beasts)
 D - an ornate deck of destruction {god gift}
   (Nemelex Xobeh gifted it to you on level 3 of the Lair of Beasts)
 E - a legendary deck of destruction {drawn: 3} {god gift}
   (Nemelex Xobeh gifted it to you on level 11 of the Dungeon)
 F - a plain deck of destruction {god gift}
   (Nemelex Xobeh gifted it to you on level 13 of the Dungeon)
 G - a box of beasts
 H - a legendary deck of summoning {god gift}
   (Nemelex Xobeh gifted it to you on level 14 of the Dungeon)
 I - an ornate deck of escape {god gift}
   (Nemelex Xobeh gifted it to you on level 6 of the Lair of Beasts)
 M - a legendary deck of destruction {god gift}
   (Nemelex Xobeh gifted it to you on level 2 of the Orcish Mines)
 N - a legendary deck of escape {god gift}
   (Nemelex Xobeh gifted it to you on level 5 of the Lair of Beasts)
 R - an ornate deck of destruction {god gift}
   (Nemelex Xobeh gifted it to you on level 5 of the Lair of Beasts)
 U - a plain deck of escape {drawn: 5} {god gift}
   (Nemelex Xobeh gifted it to you on level 6 of the Lair of Beasts)
 V - a fan of gales
   (You found it on level 6 of the Lair of Beasts)
 Y - a legendary deck of destruction {god gift}
   (Nemelex Xobeh gifted it to you on level 10 of the Dungeon)
 Z - a plain deck of summoning {drawn: 1} {god gift}
   (Nemelex Xobeh gifted it to you on level 10 of the Dungeon)


You were on level 15 of the Dungeon.
You worshipped Nemelex Xobeh.
Nemelex Xobeh was exalted by your worship.
You were not hungry.

You visited 3 branches of the dungeon, and saw 23 of its levels.
You also visited: Labyrinth, Sewer, Ossuary and Ice Cave.

You collected 2913 gold pieces.
You spent 978 gold pieces at shops.

Dungeon Overview and Level Annotations

Branches:
Dungeon (15/15)            Temple (0/1) D:7            Lair (6/6) D:9
  Swamp (0/4) Lair:4        Snake (0/4) Lair:3        Slime (0/5) Lair:5
    Orc (2/2) D:10            Elf (0/3) Orc:2        Vaults (0/5) D:13
 Depths: D:15

Altars:
Ashenzari
Cheibriados
Dithmenos
Elyvilon
Gozag
Nemelex Xobeh
Ru
Sif Muna
Trog
Uskayaw
Vehumet
Wu Jian
Xom
The Shining One

Shops:
D:10 =   Orc:2 *=:(

Portals:
Trove: D:12 (give 8 scrolls of blinking)

Annotations:
Lair:4 exclusion: 2 oklob plants

## ..# ####### #..
....##..... ...# #.≈.
........... ...### ..#.
.......... .....####'#
.........# #....#...#.
.♣...♣...#####....#.≈.#.
..P.(9co..........#...#.
..P...c@.......#....##..
....P..........'.....'..
♣♣...♣...####'##.....#..
.... ♣...# #.##.....###
... ....#. #.##.....# #
.. #...##.# #.##..%..# #
# #### .# #.....##.# #
## ####..##.# # #..##.#
#


You could see an orc knight, a centaur warrior, a gargoyle and a centaur.

Notes
Turn   | Place    | Note
-------+----------+-------------------------------------------
     0 | D:1      | theanonym the Mummy Warper began the quest for the Orb.
     0 | D:1      | Reached XP level 1. HP: 16/16 MP: 4/4
     7 | D:1      | HP: 5/16 [hobgoblin (4)]
   252 | D:1      | Reached skill level 2 in Maces & Flails
   255 | D:1      | Reached XP level 2. HP: 19/22 MP: 5/5
   791 | D:1      | Reached XP level 3. HP: 27/27 MP: 7/7
   848 | D:2      | Reached skill level 3 in Maces & Flails
   964 | D:2      | Reached XP level 4. HP: 18/33 MP: 8/8
  1344 | D:2      | HP: 16/33 [adder (4)]
  1350 | D:2      | HP: 11/33 [hobgoblin/club (2)]
  1354 | D:2      | Reached skill level 4 in Maces & Flails
  1809 | D:2      | Noticed Jessica
  1827 | D:2      | Killed Jessica
  1827 | D:2      | Reached XP level 5. HP: 33/38 MP: 9/9
  2083 | D:3      | HP: 16/38 [leopard gecko (4)]
  2095 | D:2      | HP: 12/38 [jackal (1)]
  2584 | D:3      | Found a bloodstained altar of Trog.
  2585 | D:3      | Found a sparkling altar of Nemelex Xobeh.
  2596 | D:3      | Became a worshipper of Nemelex Xobeh the Trickster
  2756 | D:3      | HP: 10/38 [orc priest/divine providence (11)]
  3129 | D:3      | Received a gift from Nemelex Xobeh
  3165 | D:4      | Found a glowing drain.
  3175 | Sewer    | Entered a sewer
  3314 | Sewer    | HP: 17/38 [river rat (7)]
  3322 | Sewer    | HP: 14/38 [rat (3)]
  3602 | Sewer    | Reached skill level 5 in Maces & Flails
  3615 | Sewer    | HP: 18/39 [rat (2)]
  3630 | Sewer    | HP: 15/39 [adder (2)]
  3646 | Sewer    | HP: 15/39 [rat (1)]
  3854 | Sewer    | Reached XP level 6. HP: 46/46 MP: 10/10
  4356 | D:4      | Reached skill level 3 in Fighting
  4379 | D:4      | Found a hide-covered altar of Uskayaw.
  4459 | D:4      | Found a shimmering altar of Xom.
  4504 | D:4      | Received a gift from Nemelex Xobeh
  4555 | D:4      | Found a snail-covered altar of Cheibriados.
  4739 | D:3      | Reached * piety under Nemelex Xobeh
  4801 | D:3      | Reached XP level 7. HP: 47/52 MP: 11/11
  4889 | D:3      | Received a gift from Nemelex Xobeh
  4916 | D:3      | Reached skill level 6 in Maces & Flails
  5366 | D:4      | Found an opulent altar of Gozag.
  5380 | D:4      | Found a deep blue altar of Sif Muna.
  5383 | D:4      | Found a shattered altar of Ashenzari.
  5386 | D:4      | Found an ornate altar of the Wu Jian Council.
  5606 | D:4      | Reached skill level 4 in Fighting
  5843 | D:5      | Entered Level 5 of the Dungeon
  5843 | D:5      | Received a gift from Nemelex Xobeh
  5973 | D:5      | Found a glowing golden altar of the Shining One.
  6165 | D:5      | Found a shadowy altar of Dithmenos.
  6234 | D:5      | Reached ** piety under Nemelex Xobeh
  6379 | D:5      | Reached skill level 7 in Maces & Flails
  6379 | D:5      | Reached XP level 8. HP: 36/61 MP: 12/12
  6518 | D:5      | Received a gift from Nemelex Xobeh
  7085 | D:5      | Reached skill level 5 in Fighting
  7235 | D:6      | Found a sand-covered staircase.
  7254 | Ossuary  | Entered an ossuary
  7554 | Ossuary  | HP: 28/62 [wraith (10)]
  7890 | D:6      | Reached skill level 8 in Maces & Flails
  7933 | D:6      | HP: 24/64 [ogre/giant club (21)]
  7940 | D:6      | Reached skill level 6 in Fighting
  8152 | D:6      | Received a gift from Nemelex Xobeh
  8263 | D:6      | Found a runed gate.
  8264 | D:6      | Found a runed gate.
  8298 | D:6      | HP: 32/64 [bullfrog (5)]
  8304 | D:6      | HP: 32/64 [bullfrog (2)]
  8319 | D:6      | Reached XP level 9. HP: 37/69 MP: 13/13
  8319 | D:6      | HP: 33/69 [adder (4)]
  8329 | D:6      | HP: 32/69 [ice beast (1)]
  8335 | D:6      | HP: 13/69 [ice beast (3)]
  8818 | D:6      | Reached *** piety under Nemelex Xobeh
  8818 | D:6      | Received a gift from Nemelex Xobeh
  9005 | D:6      | Found a runed gate.
  9005 | D:6      | Noticed B1inky's ghost (novice OpGl)
  9231 | D:7      | Found a staircase to the Ecumenical Temple.
  9247 | D:7      | Reached skill level 9 in Maces & Flails
  9435 | D:7      | Received a gift from Nemelex Xobeh
  9487 | D:7      | Found a radiant altar of Vehumet.
  9526 | D:7      | Noticed a manticore
  9541 | D:7      | HP: 34/71 [manticore (14)]
  9543 | D:7      | HP: 16/71 [manticore (1)]
  9544 | D:7      | HP: 7/71 [manticore/volley of spikes (6)]
  9545 | D:7      | Killed a manticore
  9545 | D:7      | Reached skill level 7 in Fighting
  9545 | D:7      | HP: 1/72 [insubstantial wisp/static electricity[the player character] (6)]
 10130 | D:7      | HP: 36/72 [twister/tornado[a card of wild magic] (8)]
 10499 | D:7      | Reached skill level 10 in Maces & Flails
 10510 | D:7      | theanonym: !lg . killer=~kobold
 10510 | D:7      | beem: 14. theanonym the Magician (L1 MuWr), slain by a kobold (a +3 short sword) on D:1 on 2018-07-03 09:26:57, with 4 points after 97 turns and 0:00:16.
 10510 | D:7      | theanonym: !lg . killer=kobold
 10510 | D:7      | beem: 13. theanonym the Magician (L1 MuWr), slain by a kobold (a +3 short sword) on D:1 on 2018-07-03 09:26:57, with 4 points after 97 turns and 0:00:16.
 10510 | D:7      | theanonym: !lg . killer=kobold s=char
 10510 | D:7      | beem: 13 games for theanonym (killer=kobold): 2x MuEn, DsFi, FeEn, GnAr, MfEn, MuAE, MuBe, OpCj, MuVM, MuWr, OgEn, OgTm
 10879 | D:8      | Noticed a two-headed ogre
 10885 | D:8      | Killed a two-headed ogre
 10885 | D:8      | Reached skill level 8 in Fighting
 11082 | D:8      | Received a gift from Nemelex Xobeh
 11084 | D:8      | Noticed a two-headed ogre
 11088 | D:8      | Killed a two-headed ogre
 11088 | D:8      | Reached XP level 10. HP: 80/80 MP: 14/14
 11172 | D:8      | Found a runed gate.
 11172 | D:8      | Noticed ThisFiasco's ghost (novice DsAK)
 11173 | D:8      | Found a runed gate.
 11173 | D:8      | Found a runed gate.
 11175 | D:8      | Noticed a nine-headed hydra
 11259 | D:8      | Reached **** piety under Nemelex Xobeh
 11442 | D:8      | HP: 38/82 [yak (12)]
 11448 | D:8      | HP: 24/82 [yak (11)]
 11789 | D:8      | Received a gift from Nemelex Xobeh
 11943 | D:8      | Noticed an 11-headed hydra
 12208 | D:9      | Noticed a cyan ugly thing
 12269 | D:9      | Reached skill level 11 in Maces & Flails
 12297 | D:9      | HP: 39/82 [hippogriff (5)]
 12298 | D:9      | Noticed Grum
 12302 | D:8      | HP: 33/82 [hippogriff (2)]
 12566 | D:9      | Noticed Prince Ribbit
 12584 | D:8      | Killed Grum
 12755 | D:8      | HP: 36/82 [wolf[Grum] (7)]
 12761 | D:8      | HP: 29/82 [wolf[Grum] (2)]
 12993 | D:9      | Noticed Erolcha
 12995 | D:9      | Reached skill level 9 in Fighting
 13003 | D:8      | Killed Prince Ribbit
 13038 | D:9      | Noticed Psyche
 13090 | D:9      | Noticed a two-headed ogre
 13210 | D:8      | HP: 33/83 [acid (15)]
 13219 | D:8      | Noticed a two-headed ogre
 13896 | D:9      | Found a sacrificial altar of Ru.
 13909 | D:9      | Noticed Erica
 13925 | D:9      | Killed Erica
 14033 | D:9      | Noticed Joseph
 14040 | D:9      | Killed Joseph
 14100 | D:9      | Noticed a two-headed ogre
 14121 | D:9      | HP: 37/83 [wyvern[the player character] (6)]
 14131 | D:9      | HP: 34/83 [two-headed ogre/giant club (5)]
 14135 | D:9      | HP: 6/83 [two-headed ogre/giant club (19)]
 14462 | D:9      | Killed a two-headed ogre
 14515 | D:9      | Found a staircase to the Lair.
 14624 | D:9      | Reached XP level 11. HP: 68/89 MP: 15/15
 14742 | D:9      | Killed Erolcha
 14745 | D:9      | Reached skill level 12 in Maces & Flails
 15023 | D:9      | Killed a cyan ugly thing
 15030 | D:9      | Killed Psyche
 15172 | D:9      | Found a runed gate.
 15172 | D:9      | Found a runed gate.
 15175 | D:9      | Found a runed gate.
 15178 | D:9      | Noticed TheNamelessOne's ghost (novice HOFi)
 15353 | D:6      | Killed B1inky's ghost
 15362 | D:6      | Reached skill level 10 in Fighting
 15497 | Lair:1   | Entered Level 1 of the Lair of Beasts
 15529 | Lair:1   | Found a labyrinth entrance.
 15535 | Lab      | Entered a labyrinth
 15546 | Lab      | Received a gift from Nemelex Xobeh
 15773 | Lab      | Noticed a minotaur
 15782 | Lab      | HP: 44/90 [something/javelin of penetration (7)]
 15790 | Lab      | HP: 44/90 [catoblepas/blast of calcifying dust[the player character] (2)]
 15805 | Lab      | Killed a minotaur
 16077 | Lair:1   | Noticed Sonja
 16086 | Lair:1   | Killed Sonja
 16239 | Lair:1   | Noticed a six-headed hydra
 16248 | Lair:1   | HP: 39/91 [six-headed hydra (11)]
 16251 | Lair:1   | Killed a six-headed hydra
 16251 | Lair:1   | Reached skill level 1 in Shields
 16667 | Lair:1   | Reached skill level 2 in Shields
 16850 | Lair:1   | Received a gift from Nemelex Xobeh
 17044 | Lair:2   | Found a frozen archway.
 17044 | Lair:2   | Noticed a death yak
 17044 | Lair:2   | Noticed a death yak
 17044 | Lair:2   | Noticed a death yak
 17044 | Lair:2   | Noticed a death yak
 17375 | Lair:2   | Reached skill level 13 in Maces & Flails
 17398 | IceCv    | Entered an ice cave
 17472 | IceCv    | Noticed a white ugly thing
 17477 | IceCv    | Killed a white ugly thing
 17561 | IceCv    | Noticed a white ugly thing
 17569 | IceCv    | HP: 44/92 [ice statue/shard of ice (12)]
 17838 | IceCv    | HP: 44/92 [ice statue/freezing blast (4)]
 17870 | IceCv    | HP: 36/92 [ice beast[an ice statue] (3)]
 17886 | IceCv    | HP: 30/92 [ice beast[an ice statue] (3)]
 17891 | IceCv    | HP: 24/92 [ice beast[an ice statue] (2)]
 18197 | IceCv    | Reached skill level 3 in Shields
 18417 | IceCv    | Reached XP level 12. HP: 82/99 MP: 16/16
 18424 | IceCv    | HP: 36/99 [white ugly thing (17)]
 18768 | Lair:1   | Killed a death yak
 18775 | Lair:1   | Killed a death yak
 18775 | Lair:1   | Reached skill level 11 in Fighting
 18974 | Lair:1   | Killed a death yak
 18983 | Lair:1   | HP: 50/100 [death yak (19)]
 18985 | Lair:1   | Killed a death yak
 19261 | Lair:2   | Noticed a queen ant
 19322 | Lair:2   | Killed a queen ant
 19322 | Lair:2   | Reached skill level 4 in Shields
 19663 | Lair:2   | Reached skill level 1 in Axes
 19722 | Lair:2   | Reached skill level 1 in Armour
 19730 | Lair:2   | HP: 46/100 [elephant (5)]
 19735 | Lair:2   | HP: 46/100 [elephant (1)]
 19740 | Lair:2   | HP: 46/100 [elephant (1)]
 19993 | Lair:2   | Noticed a four-headed hydra
 20004 | Lair:2   | Killed a four-headed hydra
 20004 | Lair:2   | Reached skill level 2 in Axes
 20004 | Lair:2   | Reached skill level 2 in Armour
 20383 | Lair:2   | Received a gift from Nemelex Xobeh
 21011 | D:8      | HP: 47/102 [nine-headed hydra (10)]
 21014 | D:8      | Killed a nine-headed hydra
 21014 | D:8      | Reached skill level 3 in Axes
 21018 | D:8      | HP: 40/102 [11-headed hydra (8)]
 21019 | D:8      | Killed an 11-headed hydra
 21019 | D:8      | Reached skill level 3 in Armour
 21038 | D:8      | Killed ThisFiasco's ghost
 21038 | D:8      | Reached skill level 12 in Fighting
 22070 | Lair:3   | Reached ***** piety under Nemelex Xobeh
 22080 | Lair:3   | Found a staircase to the Snake Pit.
 22291 | Lair:3   | Gained mutation: You are in touch with the powers of death. [Mummy growth]
 22291 | Lair:3   | Reached XP level 13. HP: 108/108 MP: 17/17
 22315 | Lair:3   | Received a gift from Nemelex Xobeh
 22429 | Lair:3   | HP: 46/108 [wolf spider (14)]
 22437 | Lair:3   | HP: 40/108 [komodo dragon (8)]
 22744 | Lair:3   | Reached skill level 4 in Axes
 22814 | Lair:3   | Reached skill level 4 in Armour
 23399 | Lair:3   | Found a staircase to the Snake Pit.
 23768 | Lair:4   | Received a gift from Nemelex Xobeh
 23987 | Lair:4   | Received a gift from Nemelex Xobeh
 24175 | Lair:4   | Reached skill level 1 in Invocations
 24340 | Lair:4   | Found a staircase to the Swamp.
 24907 | Lair:5   | Received a gift from Nemelex Xobeh
 25125 | Lair:4   | Reached skill level 5 in Axes
 25241 | Lair:5   | Reached skill level 2 in Invocations
 25485 | Lair:5   | Found a staircase to the Slime Pits.
 25494 | Lair:5   | Received a gift from Nemelex Xobeh
 25591 | Lair:5   | HP: 44/109 [rime drake/flash freeze (19)]
 25597 | Lair:5   | HP: 34/109 [water moccasin (6)]
 25602 | Lair:5   | HP: 29/109 [water moccasin (7)]
 25624 | Lair:5   | HP: 22/109 [yak (8)]
 26109 | Lair:5   | Identified a scroll of acquirement
 26112 | Lair:5   | Got a translucent marble ring
 26114 | Lair:5   | Identified the ring "Volaydic" {Ice +Inv rN+ Str+3} (You acquired it on level 5 of the Lair of Beasts)
 26307 | Lair:6   | Entered Level 6 of the Lair of Beasts
 26355 | Lair:6   | Reached skill level 3 in Invocations
 26361 | Lair:6   | HP: 52/109 [eight-headed hydra (3)]
 26364 | Lair:6   | Reached skill level 13 in Fighting
 26375 | Lair:6   | HP: 44/111 [black mamba (9)]
 26779 | Lair:6   | Received a gift from Nemelex Xobeh
 26801 | Lair:6   | HP: 48/111 [rime drake/flash freeze (11)]
 26808 | Lair:6   | HP: 34/111 [hippogriff (6)]
 26811 | Lair:6   | Reached skill level 6 in Axes
 27075 | Lair:6   | Reached ****** piety under Nemelex Xobeh
 27088 | Lair:6   | Reached skill level 4 in Invocations
 27160 | Lair:6   | HP: 53/111 [komodo dragon (15)]
 27167 | Lair:6   | HP: 54/111 [water moccasin (1)]
 27799 | Lair:6   | HP: 55/111 [yak (1)]
 28528 | Lair:6   | Noticed a fire dragon
 28547 | Lair:6   | Killed a fire dragon
 28547 | Lair:6   | Reached skill level 5 in Invocations
 28547 | Lair:6   | Reached XP level 14. HP: 113/118 MP: 18/18
 28726 | Lair:6   | Found a runed door.
 28811 | Lair:6   | Received a gift from Nemelex Xobeh
 29039 | Lair:6   | HP: 59/118 [tyrant leech (3)]
 29046 | Lair:6   | HP: 51/118 [tyrant leech (10)]
 29051 | Lair:6   | HP: 40/118 [tyrant leech (12)]
 29059 | Lair:6   | HP: 16/118 [hornet (7)]
 29067 | Lair:6   | HP: 16/118 [killer bee[the player character] (3)]
 29810 | Lair:6   | Reached skill level 7 in Axes
 30901 | D:9      | Killed TheNamelessOne's ghost
 31175 | D:10     | Entered Level 10 of the Dungeon
 31202 | D:10     | Found Jomeetug's Jewellery Shoppe.
 31250 | D:10     | Received a gift from Nemelex Xobeh
 31306 | D:10     | Found a staircase to the Orcish Mines.
 31543 | D:10     | Reached skill level 6 in Invocations
 31661 | D:10     | Noticed Josephine
 31684 | D:10     | HP: 56/119 [Josephine/dispel undead (8)]
 31691 | D:10     | Killed Josephine
 31696 | D:10     | HP: 54/119 [wraith[Josephine] (6)]
 31709 | D:10     | HP: 47/119 [wraith[Josephine] (9)]
 31733 | D:10     | HP: 50/119 [wraith[Josephine] (2)]
 32009 | D:10     | Received a gift from Nemelex Xobeh
 32097 | D:10     | Reached skill level 14 in Fighting
 32197 | Orc:1    | Entered Level 1 of the Orcish Mines
 32508 | Orc:2    | Entered Level 2 of the Orcish Mines
 32508 | Orc:2    | Noticed an orc warlord
 32567 | Orc:1    | HP: 52/120 [orc warlord/long sword (14)]
 32576 | Orc:1    | HP: 49/120 [orc warlord/long sword (6)]
 32585 | Orc:1    | Killed an orc warlord
 33241 | Orc:2    | Found a staircase to the Elven Halls.
 33351 | Orc:2    | HP: 41/120 [orc warrior/halberd (29)]
 33356 | Orc:2    | HP: 41/120 [orc/trident[an orc knight] (1)]
 33362 | Orc:2    | HP: 35/120 [killer bee[the player character] (5)]
 33467 | Orc:2    | HP: 57/120 [orc wizard/magic dart (7)]
 33719 | Orc:2    | Received a gift from Nemelex Xobeh
 33966 | Orc:1    | Reached skill level 8 in Axes
 33991 | Orc:1    | Reached skill level 7 in Invocations
 34203 | Orc:2    | HP: 56/120 [orc priest/divine providence (12)]
 34209 | Orc:2    | HP: 44/120 [orc knight/enchanted battleaxe (14)]
 34217 | Orc:2    | HP: 33/120 [orc priest/divine providence (13)]
 34734 | Orc:2    | Received a gift from Nemelex Xobeh
 34772 | Orc:2    | HP: 47/121 [orc warrior/glaive (14)]
 35063 | Orc:2    | HP: 37/121 [orc knight/great sword (29)]
 35069 | Orc:2    | HP: 36/121 [orc warrior/glaive (3)]
 35174 | Orc:2    | HP: 60/121 [orange demon[an orc high priest] (7)]
 35184 | Orc:2    | HP: 51/121 [orc high priest/divine providence (12)]
 35196 | Orc:2    | HP: 42/121 [orc high priest/divine providence (12)]
 35513 | Orc:2    | HP: 57/121 [orc knight/glaive of protection (12)]
 35523 | Orc:2    | HP: 56/121 [orc knight/glaive of protection (4)]
 35788 | Orc:2    | HP: 59/121 [smoke demon/divine providence[an orc high priest] (10)]
 36026 | Orc:2    | HP: 54/121 [orc knight/dire flail (9)]
 36258 | Orc:2    | Found Ylif's Assorted Antiques.
 36261 | Orc:2    | Found Cufar's Book Emporium.
 36262 | Orc:2    | Found Tarix's Weapon Emporium.
 36263 | Orc:2    | Found Meohetil's Jewellery Shoppe.
 36270 | Orc:2    | Bought a scroll labeled YHACKA OKEWUEJE for 28 gold pieces
 36270 | Orc:2    | Bought a scroll of identify for 56 gold pieces
 36270 | Orc:2    | Bought a scroll of fear for 98 gold pieces
 36270 | Orc:2    | Bought a runed broad axe for 196 gold pieces
 36275 | Orc:2    | Bought a book of Battle for 600 gold pieces
 36277 | Orc:2    | Learned a level 1 spell: Apportation
 36280 | Orc:2    | Learned a level 2 spell: Blink
 36284 | Orc:2    | Learned a level 3 spell: Spectral Weapon
 36288 | Orc:2    | Learned a level 3 spell: Lesser Beckoning
 36588 | D:11     | Received a gift from Nemelex Xobeh
 36911 | D:11     | Received a gift from Nemelex Xobeh
 37407 | D:12     | HP: 56/121 [enormous slime creature (29)]
 37443 | D:12     | HP: 60/121 [centaur warrior/arrow (6)]
 37474 | D:12     | Found a portal to a secret trove of treasure.
 37480 | D:12     | Reached skill level 9 in Axes
 37480 | D:12     | Reached XP level 15. HP: 73/127 MP: 20/20
 37481 | D:12     | HP: 57/127 [guardian mummy (16)]
 37623 | D:12     | HP: 56/127 [death knight/halberd (12)]
 37626 | D:12     | HP: 24/127 [death knight/halberd (16)]
 38253 | D:12     | Reached skill level 5 in Armour
 38253 | D:12     | Reached skill level 8 in Invocations
 38965 | D:13     | HP: 57/127 [catoblepas (7)]
 39231 | D:13     | Noticed Kirke
 39263 | D:13     | Noticed a sphinx
 39263 | D:13     | Killed Kirke
 39311 | D:13     | Received a gift from Nemelex Xobeh
 39336 | D:13     | Found a gate to the Vaults.
 39366 | D:13     | HP: 57/127 [vault guard/great sword (9)]
 39375 | D:13     | HP: 58/127 [catoblepas (10)]
 39380 | D:13     | HP: 59/127 [catoblepas/blast of calcifying dust (5)]
 39406 | D:13     | HP: 61/127 [tengu warrior/long sword of freezing (6)]
 39417 | D:13     | HP: 63/127 [tengu warrior/long sword of freezing (2)]
 39420 | D:13     | Reached skill level 10 in Axes
 39424 | D:13     | Reached skill level 15 in Fighting
 39612 | D:13     | HP: 54/129 [skeletal warrior/halberd (17)]
 40115 | D:13     | Received a gift from Nemelex Xobeh
 40140 | D:13     | Reached skill level 6 in Armour
 40427 | D:14     | Noticed Rupert
 40449 | D:14     | HP: 64/129 [Rupert/battleaxe of chopping (1)]
 40452 | D:14     | HP: 29/129 [Rupert/battleaxe of chopping (6)]
 40458 | D:14     | HP: 13/129 [Rupert/battleaxe of chopping (18)]
 40460 | D:14     | Killed Rupert
 40629 | D:14     | HP: 57/129 [crocodile (4)]
 40875 | D:14     | HP: 64/129 [fire dragon (3)]
 40884 | D:14     | HP: 33/129 [fire dragon/blast of flame (17)]
 40889 | D:14     | HP: 6/129 [deep elf mage/bolt of lightning (29)]
 40970 | D:14     | HP: 23/129 [card of wild magic (8)]
 41053 | D:14     | HP: 32/129 [centaur warrior/arrow (12)]
 41543 | D:14     | Received a gift from Nemelex Xobeh
 41677 | D:14     | Found a white marble altar of Elyvilon.
 42073 | D:14     | Reached skill level 11 in Axes
 42387 | D:15     | Entered Level 15 of the Dungeon
 42693 | D:15     | HP: 63/129 [dire elephant (21)]
 42697 | D:15     | Reached XP level 16. HP: 47/136 MP: 22/22
 42742 | D:15     | Received a gift from Nemelex Xobeh
 42757 | D:15     | HP: 67/136 [salamander/halberd (7)]
 43230 | D:15     | HP: 68/136 [orc knight/long sword (22)]
 43235 | D:15     | HP: 37/136 [centaur/wand of acid (7)[a centaur warrior] (13)]
 43235 | D:15     | HP: 2/136 [orc knight/wand of acid (2) (21)]
 43235 | D:15     | Splashed by an orc knight's acid

Vanquished Creatures
  Rupert (D:14)
  Kirke (D:13)
  A dire elephant (D:15)
  A fire dragon (Lair:6)
  3 vault guards (D:13)
  3 catoblepae
  13 hydras
  A queen ant (Lair:2)
  5 two-headed ogres
  A centaur warrior (D:14)
  The ghost of TheNamelessOne the Cleaver, a novice HOFi of Beogh (D:9)
  A death knight (D:14)
  Erica (D:9)
  4 death yaks (Lair:1)
  5 orc high priests (Orc:2)
  3 tengu warriors
  Sonja (Lair:1)
  6 skeletal warriors
  3 unseen horrors
  The ghost of B1inky the Carver, a novice OpGl of Gozag (D:6)
  A necromancer (Lair:6)
  An orc sorcerer (Orc:1)
  A lindwurm (Lair:6)
  2 wolf spiders (Lair:3)
  4 orc knights (Orc:2)
  A salamander (D:15)
  4 manticores
  2 ugly things
  3 cyclopes
  A spectral centaur (D:9)
  6 elephants
  4 black mambas
  3 centaur zombies
  3 torpor snails (Lair:6)
  8 spiny frogs
  3 ice statues (IceCv)
  3 rime drakes
  An efreet (D:15)
  9 komodo dragons
  A komodo dragon (shapeshifter) (D:14)
  2 guardian mummies (D:12)
  4 tengu conjurers
  4 tyrant leeches (Lair:6)
  A polar bear (Lair:3)
  A queen bee (D:10)
  6 trolls
  4 hornets (Lair:6)
  10 blink frogs
  5 slime creatures
  6 hippogriffs
  2 wyverns (D:13)
  2 basilisks
  3 wraiths
  7 hogs (D:13)
  4 vampire mosquitoes (D:15)
  Grum (D:8)
  2 steam dragons
  32 yaks
  3 hungry ghosts
  5 wargs
  2 swamp worms (Lair:4)
  5 acid dragons
  4 nagas (Lair:3)
  12 water moccasins
  7 soldier ants (Lair:2)
  A spectral hornet (D:6)
  A porcupine (Lair:2)
  2 swamp drakes (Lair:6)
  31 orc warriors
  13 ice beasts
  A necrophage (D:6)
  2 black bears
  An eye of draining (D:14)
  A sky beast (D:15)
  5 boggarts
  2 phantoms
  A wolf (D:8)
  12 ogres
  10 centaurs
  24 crocodiles
  2 big kobolds
  An elf zombie (Ossuary)
  13 bullfrogs
  6 scorpions
  A wyvern skeleton (D:12)
  29 killer bees
  3 howler monkeys (D:12)
  10 wights
  9 crimson imps
  5 bullfrog zombies
  4 jellies
  2 wyvern simulacra
  5 centaur skeletons
  30 orc priests
  5 hounds
  22 orc wizards
  A bullfrog skeleton (D:13)
  Jessica (D:2)
  3 iguanas
  4 polar bear simulacra (Lair:6)
  30 worker ants
  A yak simulacrum (Lair:6)
  A wolf simulacrum (Lair:6)
  A bullfrog simulacrum (D:9)
  A spectral hound (D:6)
  2 hound skeletons
  3 mummies (Ossuary)
  2 worker ant zombies
  3 gnolls (D:6)
  29 adders
  A howler monkey skeleton (D:6)
  3 river rats (Sewer)
  2 shadow imps
  A white imp (D:5)
  2 oozes
  A spectral adder (D:6)
  An adder skeleton (D:4)
  2 worms
  3 dart slugs
  5 leopard geckos
  87 orcs
  8 giant cockroaches
  7 goblins
  12 hobgoblins
  13 jackals
  28 kobolds
  5 quokkas
  4 ball pythons
  8 bats
  4 frilled lizards
  4 goblin zombies
  6 hobgoblin zombies
  A kobold skeleton (D:5)
  2 kobold zombies
  A leopard gecko skeleton (D:4)
  4 orc skeletons (D:5)
  An orc zombie (Ossuary)
  24 rats
  5 river rat simulacra (Lair:6)
  3 plants
835 creatures vanquished.

Vanquished Creatures (collateral kills)
  An orc warlord (Orc:1)
  3 slime creatures (D:12)
  A minotaur (Lab)
  2 fire dragons
  Josephine (D:10)
  Erolcha (D:9)
  A vault guard (D:13)
  2 hydras
  A death knight (D:12)
  A catoblepas (Lair:6)
  The ghost of ThisFiasco the Martial Artist, a novice DsAK of Lugonu (D:8)
  A swamp dragon (Lair:6)
  5 orc knights (Orc:2)
  2 ugly things
  A manticore (D:7)
  A deep elf mage (D:14)
  Joseph (D:9)
  2 torpor snails (Lair:6)
  Psyche (D:9)
  A rime drake (Lair:6)
  An efreet (D:14)
  2 hornets (Lair:6)
  Prince Ribbit (D:8)
  2 hippogriffs
  2 blink frogs (Lair:5)
  4 wraiths
  5 yaks
  A hungry ghost (D:13)
  A steam dragon (Lair:6)
  5 ice beasts
  A soldier ant (D:7)
  2 water moccasins (D:7)
  7 orc warriors (Orc:2)
  A sky beast (D:7)
  A crocodile (Lair:5)
  2 wolves (D:8)
  A bullfrog (D:6)
  A wight (D:13)
  A crimson imp (D:9)
  3 orc priests
  2 orc wizards
  A worker ant (D:9)
  2 river rats (Sewer)
  An adder (D:3)
  9 orcs
  2 ball pythons (Sewer)
  A frilled lizard (Sewer)
  3 kobolds (Sewer)
  3 rats (Sewer)
  A plant (Lair:6)
99 creatures vanquished.

Vanquished Creatures (others)
  2 centaur warriors
  A cyclops (D:12)
  A naga (D:7)
  An orc warrior (Orc:2)
  A centaur (D:15)
  A quokka (D:14)
  A goblin zombie (Ossuary)
  2 rats (Sewer)
  11 fungi
  12 plants
33 creatures vanquished.

Grand Total: 967 creatures vanquished

Table legend:
 A = Turns spent in this place as a percentage of turns spent in the entire game.
 B = Non-inter-level travel turns spent in this place as a percentage of non-inter-level travel turns spent in the entire game.
 C = Inter-level travel turns spent in this place as a percentage of turns spent in this place.
 D = Turns resting spent in this place as a percentage of non-inter-level travel turns spent in this place.
 E = Turns spent auto-exploring this place as a percentage of non-inter-level travel turns spent in this place.
 F = Non-inter-level travel turns spent in this place divided by the number of levels of this place that you've seen.
                   A       B       C       D       E      F
               +-------+-------+-------+-------+-------+----------------------
         Total | 100.0 | 100.0 |   4.6 |  42.4 |  35.8 | 1527.9
       Dungeon |  52.2 |  52.1 |   4.7 |  39.1 |  39.8 | 1433.1
          Lair |  29.4 |  29.2 |   5.3 |  39.9 |  39.7 | 2009.8
  Orcish Mines |  10.1 |   9.9 |   5.8 |  58.2 |  19.5 | 2048.5
     Labyrinth |   1.2 |   1.3 |   0.0 |  43.8 |   0.0 | 521.0
         Sewer |   2.7 |   2.8 |   0.0 |  44.1 |  32.2 | 1160.0
       Ossuary |   1.4 |   1.4 |   0.0 |  37.4 |  37.2 | 586.0
      Ice Cave |   3.1 |   3.2 |   0.0 |  69.1 |   2.3 | 1334.0
               +-------+-------+-------+-------+-------+----------------------
